 Dungeon Crawl Stone Soup version 0.31-a0-267-g3fc6992b3b (webtiles) character file.

Game seed: 26681234254771086

190 qw the Shooter (level 5, -1/41 HPs)
             Began as a Minotaur Hexslinger on July 13, 2023.
             Slain by a scorpion (3 damage)
             ... on level 5 of the Dungeon.
             The game lasted 00:00:58 (2589 turns).

qw the Shooter (Minotaur Hexslinger)                Turns: 2589, Time: 00:00:58

Health: -1/41      AC:  4    Str: 12    XL:     5   Next: 41%
Magic:  5/5        EV: 11    Int: 10    God:
Gold:   159        SH:  5    Dex: 15    Spells: 5/6 levels left

rFire   . . .        Y - +1 sling
rCold   + . .        (no shield)
rNeg    . . .        i - +0 ring mail
rPois   +            (helmet restricted)
rElec   .            (no cloak)
rCorr   .            f - +0 pair of gloves
SInv    .            e - +0 pair of boots
Will    +....        m - amulet of reflection
Stlth   +            c - ring of protection from cold
HPRegen 0.26/turn    (no ring)
MPRegen 0.09/turn

%: reflection
@: lethally poisoned (-1 -> -5)
A: horns 2, retaliatory headbutt, deformed body, strong-willed 1, poison
resistance
a: no special abilities


You were on level 5 of the Dungeon.
You visited 1 branch of the dungeon, and saw 5 of its levels.

You collected 159 gold pieces.


Innate Abilities, Weirdness & Mutations

You have a pair of horns on your head.
You reflexively headbutt those who attack you in melee.
Armour fits poorly on your strangely shaped body.
You are strong-willed. (Will+)
Your system is resistant to poisons. (rPois)


   Skills:
 + Level 2.0 Fighting
 - Level 5.9 Ranged Weapons
 - Level 1.3 Armour
 - Level 2.1 Dodging
 - Level 1.0 Spellcasting
 - Level 2.0 Hexes


You had 5 spell levels left.
You knew the following spells:

 Your Spells              Type           Power      Damage    Failure   Level
a - Slow                  Hex            16%        N/A       32%         1

Your spell library contained the following spells:

 Spells                   Type           Power      Damage    Failure   Level
 Inner Flame              Hex/Fire       2%         N/A       83%         3
 Portal Projectile        Hex/Tloc       4%         N/A       83%         3
 Cause Fear               Hex            2%         N/A       97%         4

Inventory:

Hand Weapons
 Y - a +1 sling (weapon)
Armour
 e - a +0 pair of boots (worn)
 f - a +0 pair of gloves (worn)
 i - a +0 ring mail (worn)
Jewellery
 c - a ring of protection from cold (left hand)
 m - an amulet of reflection (around neck)
Potions
 b - a potion of enlightenment {unknown}
 d - a potion of might {unknown}
 g - a potion of ambrosia {unknown}
 h - 5 potions of curing
 j - 2 potions of mutation
 k - a potion of degeneration {unknown}
 l - a potion of haste
 o - a potion of resistance {unknown}

Dungeon Overview and Level Annotations

Branches:
Dungeon (5/15)
 Temple: D:4-7

Altars:
Wu Jian

Annotations:
D:3 3 runed translucent doors, qw's ghost, amateur MiHs
D:5 2 runed translucent doors


Message History

You shoot a sling bullet.
The sling bullet barely misses the scorpion.
The scorpion barely misses you.
You shoot a sling bullet.
The sling bullet closely misses the scorpion.
The scorpion misses you. The scorpion stings you.
You are poisoned.
The scorpion poisons you!
You shoot a sling bullet.
The sling bullet barely misses the scorpion.
You feel very sick. You block the scorpion's attack.
You shoot a sling bullet. The sling bullet hits the scorpion.
The scorpion is heavily wounded.
You feel sick. The scorpion stings you.
You shoot a sling bullet.
The sling bullet hits the scorpion but does no damage.
The scorpion is heavily wounded.
You feel sick. The scorpion stings you. x2
You are more poisoned.
The scorpion poisons you!
You shoot a sling bullet. The sling bullet hits the scorpion.
The scorpion is heavily wounded.
You feel very sick. The scorpion stings you.
You shoot a sling bullet.
The sling bullet barely misses the scorpion.
You feel very sick. You block the scorpion's attack. The scorpion stings you.
You shoot a sling bullet.
The sling bullet closely misses the scorpion.
You feel sick.
The scorpion stings you but does no damage.
You shoot a sling bullet.
The sling bullet barely misses the scorpion.
You feel sick. You block the scorpion's attack. The scorpion barely misses you.
You shoot a sling bullet. The sling bullet hits the scorpion.
The scorpion is heavily wounded.
You feel sick. The scorpion stings you.
You die...

#.......#
#.#####.#
#.#####.#. .
#......... ..#
#.........
....#####.#####...
#.......####....
####............
#.@########++ #.s#
. #..# #..# #..#
#..# #..# #..#


You could see a scorpion.

Vanquished Creatures
  An ice beast (D:4)
  3 adders
  A gnoll (D:1)
  A worm (D:2)
  2 dart slugs
  7 ball pythons
  7 endoplasms
  A giant cockroach (D:1)
  4 goblins
  6 hobgoblins
  2 jackals (D:3)
  3 quokkas
  3 bats
  2 frilled lizards (D:3)
  4 kobolds
  6 rats
53 creatures vanquished.

Notes
Turn   | Place    | Note
-------+----------+-------------------------------------------
     0 | D:1      | qw the Minotaur Hexslinger began the quest for the Orb.
     0 | D:1      | Reached XP level 1. HP: 16/16 MP: 1/1
     0 | D:1      | 0 ||| qw: Version: 0.3-a-52-g30416fa
     0 | D:1      | 0 ||| qw: Game counter: 7781
     0 | D:1      | 0 ||| qw: Melee chars always use a shield: true
     0 | D:1      | 0 ||| qw: God list: Okawaru
     0 | D:1      | 0 ||| qw: Allow faded altars: false
     0 | D:1      | 0 ||| qw: Do Orc after clearing Dungeon:15 true
     0 | D:1      | 0 ||| qw: Do second Lair branch before Depths: true
     0 | D:1      | 0 ||| qw: Lair rune preference: random
     0 | D:1      | 0 ||| qw: Goals: Normal
     0 | D:1      | 0 ||| PLANNING D:1-11
   146 | D:1      | Reached skill level 3 in Ranged Weapons
   160 | D:1      | Reached XP level 2. HP: 23/23 MP: 2/2
   592 | D:1      | Reached XP level 3. HP: 28/29 MP: 3/3
   898 | D:1      | 898 ||| UPGRADING to +0 pair of boots.
   903 | D:1      | 903 ||| UPGRADING to +0 ring mail.
   913 | D:1      | 913 ||| DROPPING +0 robe.
   914 | D:1      | 914 ||| READING scroll labelled SULUPL KUSU.
   915 | D:1      | 915 ||| DRINKING 3 emerald potions.
   916 | D:1      | 916 ||| DROPPING scroll of poison.
  1138 | D:2      | Reached skill level 4 in Ranged Weapons
  1158 | D:2      | Found a faded altar of an unknown god.
  1373 | D:2      | 1373 ||| UPGRADING to +0 pair of gloves.
  1378 | D:2      | 1378 ||| UPGRADING to amulet of reflection.
  1383 | D:2      | 1383 ||| UPGRADING to ring of protection from cold.
  1384 | D:2      | 1384 ||| READING scroll labelled TEIMPUO BEUFE.
  1440 | D:3      | Reached skill level 1 in Armour
  1469 | D:3      | Found an ornate altar of the Wu Jian Council.
  1530 | D:3      | Identified the +4 falchion of Fedhas, Building {heavy, rF+
                  | Dex+3}
  1554 | D:3      | Reached XP level 4. HP: 34/36 MP: 4/4
  1690 | D:3      | Noticed a spectral centipede
  1690 | D:3      | Noticed a spectral black mamba
  1690 | D:3      | Noticed a spectral cane toad
  1723 | D:3      | Identified the +9 flail "Worm" {vamp, rPois rF++ Int+3
                  | Dex-4}
  1733 | D:3      | Identified the +1 short sword "Uneuk" {spect, rPois rC-
                  | Dex+8 Stlth+}
  1804 | D:3      | Found a runed translucent gate.
  1804 | D:3      | Found a runed translucent gate.
  1804 | D:3      | Found a runed translucent gate.
  1805 | D:3      | Noticed qw's ghost (amateur MiHs)
  1806 | D:3      | Noticed a kobold brigand
  1978 | D:3      | 1978 ||| READING scroll labelled FOKLAI ZU DEA.
  1979 | D:3      | 1979 ||| READING scroll labelled OGENUT UBOR.
  1980 | D:3      | 1980 ||| READING scroll labelled LOLOFFACOU.
  1981 | D:3      | 1981 ||| DRINKING 2 ruby potions.
  2331 | D:4      | 2331 ||| READING scroll labelled WOCKYE XUPPAUW.
  2432 | D:4      | 2432 ||| READING scroll labelled HONNUI QIAGH.
  2436 | D:4      | 2436 ||| DRINKING 3 murky clear potions.
  2436 | D:4      | Gained mutation: Your system is resistant to poisons.
                  | (rPois) [potion of mutation]
  2436 | D:4      | Gained mutation: Armour fits poorly on your strangely
                  | shaped body. [potion of mutation]
  2436 | D:4      | Gained mutation: You are strong-willed. (Will+) [potion of
                  | mutation]
  2443 | D:5      | Entered Level 5 of the Dungeon
  2443 | D:5      | Noticed an ice beast
  2449 | D:5      | 2449 ||| STAIRDANCE
  2457 | D:4      | Killed an ice beast
  2458 | D:4      | Reached skill level 5 in Ranged Weapons
  2458 | D:4      | Reached XP level 5. HP: 14/41 MP: 5/5
  2569 | D:5      | Found a runed translucent gate.
  2572 | D:5      | Found a runed translucent gate.
  2586 | D:5      | HP: 9/41 [poisoned by a scorpion]
  2588 | D:5      | HP: 3/41 [poisoned by a scorpion]
  2589 | D:5      | Slain by a scorpion

Levels and vault maps discovered:
D:1:      minmay_arrival_shoal_huts, layout_loops_corners, dk_noncrumbling_2
D:2:      layout_basic, ebering_ecumenical_altar_hall
D:3:      layout_rooms, pdpol_wu_jian_five_deadly_venoms,
          gammafunk_ghost_nasty_kobolds, chequers_garden
D:4:      layout_rooms, st_stairs_2
D:5:      layout_loops_ring, gammafunk_ghost_cemetery

Skill      XL: |  1  2  3  4 |
---------------+-------------+-----
Ranged Weapons | 3 4 5 |  5.9
Fighting       | 2 |  2.0
Armour         | 1 |  1.3
Dodging        | |  2.1
Spellcasting   | |  1.0
Hexes          | |  2.0

Action                     |  1- 3 |  4- 6 || total
---------------------------+-------+-------++-------
   Fire: Sling             |   139 |    62 ||   201
    Use: Scroll            |     2 |     5 ||     7
         Potion            |     1 |     2 ||     3
 Armour: Ring mail         |    20 |     8 ||    28
  Dodge: Dodged            |    38 |    10 ||    48
  Block: Other             |     5 |     5 ||    10

Table legend:
 A = Non-vault XP
 B = Vault XP
 C = Vault XP percentage of total XP
 D = Non-vault monster count
 E = Vault monster count
 F = Vault count percentage of total count
                 A         B        C        D         E       F
            +---------+---------+-------+---------+---------+-------
      Total |     268 |       4 |   1.5 |      51 |       2 |   3.8
            +---------+---------+-------+---------+---------+-------
        D:1 |      41 |       0 |   0.0 |      17 |       0 |   0.0
        D:2 |      26 |       0 |   0.0 |      12 |       0 |   0.0
        D:3 |      51 |       0 |   0.0 |      17 |       0 |   0.0
        D:4 |     150 |       4 |   2.6 |       5 |       2 |  28.6
            +---------+---------+-------+---------+---------+-------
